 Dungeon Crawl Stone Soup version 0.18.1-1-g2f07953 (webtiles) character file.

97 DapperPlatypus the Sneak (level 4, -4/30 HPs)
             Began as an Octopode Assassin on Apr 27, 2017.
             Killed from afar by an orc wizard (7 damage)
             ... with a magic dart
             ... on level 3 of the Dungeon.
             The game lasted 00:18:00 (2277 turns).

DapperPlatypus the Sneak (Octopode Assassin)        Turns: 2277, Time: 00:18:00

Health: -4/30      AC:  1    Str:  7 (10) XL:     4   Next: 68%
Magic:  4/4        EV: 12    Int: 11 (13) God:    Xom [..*...]
Gold:   129        SH:  0    Dex: 11 (14) Spells: 0 memorised, 3 levels left

rFire  . . .     SeeInvis .     m - +0 whip
rCold  . . .     Gourm    .     (no shield)
rNeg   . . .     Faith    .     (helmet restricted)
rPois  .         Spirit   .     o - amulet of dismissal
rElec  .         Dismiss  +     (no ring)
rCorr  .         Reflect  .     (no ring)
SustAt .         Harm     .     (no ring)
MR     .....                    (no ring)
Stlth  +++++.....               (no ring)
                                (no ring)
                                (no ring)
                                (no ring)

@: not resistant to hostile enchantments, quite stealthy
A: almost no armour, amphibious, 8 rings, constrict 8, camouflage 1, gelatinous
body 1
a: Renounce Religion


You were on level 3 of the Dungeon.
You worshipped Xom.
You were a toy of Xom.
You were not hungry.

You visited 1 branch of the dungeon, and saw 3 of its levels.

You collected 129 gold pieces.

Inventory:

Hand Weapons
 a - a +2 dagger
 b - a +0 blowgun
 g - a +0 club
 m - a +0 whip (weapon)
Missiles
 c - 18 poisoned needles (quivered)
 d - 2 curare-tipped needles
Armour
 f - a +1 leather armour
 i - a +0 chain mail
 n - a +0 chain mail
Jewellery
 o - an amulet of dismissal (around mantle)
Scrolls
 e - a scroll of enchant armour
Potions
 h - a potion of heal wounds {unknown}
 j - a potion of degeneration
Comestibles
 k - a slice of pizza
 l - 2 bread rations


   Skills:
 + Level 2.5 Fighting
 + Level 2.0 Short Blades
 + Level 2.5 Throwing
 + Level 2.2 Dodging
 + Level 6.7 Stealth


You had 3 spell levels left.
You didn't know any spells.

Dungeon Overview and Level Annotations

Branches:
Dungeon (3/15)

Altars:
Xom


Innate Abilities, Weirdness & Mutations

You cannot wear most types of armour.
You are amphibious.
You can wear up to eight rings at the same time.
You can use your tentacles to constrict eight enemies at once.
Your skin changes colour to match your surroundings (Stealth).
Your rubbery body absorbs attacks (AC +1).


Message History

You closely miss the orc wizard. Your grab misses the orc wizard.
The orc wizard hits you with a dagger.
You hit the orc wizard but do no damage.
You grab the orc wizard.
You constrict the orc wizard, but do no damage.
The giant cockroach closely misses you. The orc wizard hits you with a dagger.
The giant cockroach closely misses you.
The kobold shouts!
You hit the orc wizard.
The orc wizard is lightly wounded.
You constrict the orc wizard.
The orc wizard points at you and mumbles some strange words.
The magic dart hits you!
* * * LOW HITPOINT WARNING * * *
The giant cockroach bites you but does no damage.
You release your grip on the orc wizard.
The orc wizard casts a spell at you. The magic dart hits you!
You die...
Xom laughs nastily!

#()........#..#
#..$.......#..#
#......§.§.#..# *
#.....(.§..#..#
.>.....§.§(..# ####..
###.#######Ko##......
* ,** # * #os.<.# ,
,** ,, #...#...... ,*
,,* ####K@(# ##.## ,*
, * ###.....##.# ,**r*
##...##.>...# , ,*
###..#.....#### **
*###.)......#......#
..##...###.<###.######
.#...#..........#
.........#..####.#
........#..## .#


You could see an orc wizard, an orc, a giant cockroach and 2 kobolds.

Vanquished Creatures
  An orc priest (D:3)
  2 adders (D:2)
  2 oozes (D:1)
  A worm (D:2)
  A giant gecko (D:2)
  2 orcs (D:3)
  2 bats (D:1)
  3 giant cockroaches (D:1)
  3 goblins (D:1)
  8 hobgoblins
  4 kobolds
  A quokka (D:2)
  A giant newt (D:2)
  3 rats
34 creatures vanquished.

Notes
Turn   | Place    | Note
--------------------------------------------------------------
     0 | D:1      | DapperPlatypus the Octopode Assassin began the quest for the Orb.
     0 | D:1      | Reached XP level 1. HP: 14/14 MP: 1/1
   645 | D:1      | Reached XP level 2. HP: 18/19 MP: 2/2
   787 | D:1      | Reached skill level 6 in Stealth
   950 | D:1      | Reached XP level 3. HP: 24/24 MP: 3/3
  1670 | D:2      | Found a shimmering altar of Xom.
  1727 | D:2      | Became a worshipper of Xom of Chaos
  1732 | D:2      | Reached XP level 4. HP: 21/30 MP: 4/4
  1926 | D:3      | XOM: potion effect (might)
  1930 | D:3      | XOM: divination: magic mapping
  1936 | D:3      | HP: 1/30 [orc wizard/dagger (2)]
  2114 | D:3      | XOM: divination: detect creatures
  2268 | D:3      | XOM: smoke on damage
  2277 | D:3      | Killed from afar by an orc wizard

Skill      XL: |  1  2  3 |
---------------+----------+-----
Stealth        | 6 |  6.7
Dodging        | 2 |  2.2
Fighting       | |  2.5
Short Blades   | |  2.0
Throwing       | |  2.5

Action                   |  1- 3 |  4- 6 || total
-------------------------+-------+-------++-------
Melee: Dagger            |    14 |       ||    14
       Constrict         |    14 |     6 ||    20
       Club              |    24 |       ||    24
       Tentacles         |    13 |     1 ||    14
       Whip              |    21 |    15 ||    36
       Blowgun           |     7 |       ||     7
 Fire: Blowgun           |     9 |    12 ||    21
  Use: Scroll            |     1 |     2 ||     3
       Potion            |       |     2 ||     2
 Stab: Sleeping          |     9 |       ||     9
  Eat: Bread ration      |     1 |       ||     1
Armor: Skin              |    10 |     2 ||    12
Dodge: Dodged            |    47 |    18 ||    65
